 Dungeon Crawl Stone Soup version 0.18.1-1-g2f07953 (webtiles) character file.

25193 Eucla the Black Belt (level 12, -1/100 HPs)
             Began as a Demonspawn Monk on May 8, 2016.
             Was an Elder of Qazlal.
             Slain by a blink frog (15 damage)
             ... on level 3 of the Lair of Beasts.
             The game lasted 00:22:51 (11418 turns).

Eucla the Black Belt (Demonspawn Monk)             Turns: 11418, Time: 00:22:52

Health: -1/100     AC: 14    Str: 15    XL:     12   Next: 87%
Magic:  9/21       EV: 10    Int: 14    God:    Qazlal [****..]
Gold:   600        SH:  5    Dex: 17    Spells: 2 memorised, 5 levels left

rFire  . . .     SeeInvis .       - Unarmed
rCold  + . .     Gourm    .     p - +4 scale mail
rNeg   . . .     Faith    .     (no shield)
rPois  .         Spirit   .     v - +0 helmet
rElec  .         Dismiss  .     A - +2 cloak {MR+}
rCorr  +         Reflect  .     (no gloves)
SustAt .         Harm     .     (boots unavailable)
MR     +....                    h - amulet of rage
Stlth  +.........               x - +2 ring of intelligence
                                E - ring of resist corrosion

@: repel missiles, somewhat resistant to hostile enchantments, very unstealthy
A: claws 1, talons 3, cold resistance 1, powered by pain 2, freezing cloud
immunity
a: Upheaval, Elemental Force, Renounce Religion, Evoke Berserk Rage


You were on level 3 of the Lair of Beasts.
You worshipped Qazlal.
Qazlal was greatly pleased with you.
You were not hungry.

You visited 2 branches of the dungeon, and saw 13 of its levels.
You also visited: Labyrinth.

You collected 600 gold pieces.

Inventory:

Armour
 p - a +4 scale mail (worn)
 v - a +0 helmet (worn)
 A - a +2 cloak of magic resistance (worn)
Magical Staves
 a - an uncursed staff of power {unknown}
Jewellery
 h - an amulet of rage (around neck)
 s - an uncursed ring of protection from cold
 t - an uncursed amulet of dismissal
 x - a +2 ring of intelligence (right claw)
 E - a ring of resist corrosion (left claw)
Wands
 u - a wand of iceblast (9/15)
 C - a wand of lightning (7/15)
 J - a wand of iceblast (9/15)
 L - a wand of disintegration (6/24)
Scrolls
 e - 4 scrolls of teleportation
 f - 2 scrolls of remove curse
 j - 4 scrolls of identify
 k - a scroll of amnesia
 l - 2 scrolls of recharging
 o - 4 scrolls of enchant weapon
 q - 4 scrolls of enchant armour
 B - a scroll of magic mapping
 G - a scroll of blinking
Potions
 d - a potion of brilliance
 i - a potion of cancellation
 m - a potion of degeneration {unknown}
 n - 2 potions of curing
 w - a potion of might {unknown}
 F - a potion of flight {unknown}
Books
 g - Sif Muna's Tome of the Voyage
   (You found it in a labyrinth)

   Spells                             Type                      Level
   a - Shroud of Golubria             Charms/Translocation         2
   b - Recall                         Summoning/Translocation      3
   c - Portal Projectile              Translocation                3
   d - Teleport Other                 Translocation                3
   e - Warp Weapon                    Charms/Translocation         5
   f - Summon Forest                  Summoning/Translocation      5
 y - an Akashic Record

   Spells                             Type                      Level
   a - Dispersal                      Translocation                6
   b - Malign Gateway                 Summoning/Translocation      7
   c - Disjunction                    Translocation                8
   d - Controlled Blink               Translocation                8
 z - the Papyrus of Frigorific Summoning
   (You found it in a labyrinth)

   Spells                             Type                      Level
   a - Summon Guardian Golem          Hexes/Summoning              3
   b - Ice Form                       Ice/Transmutation            4
   c - Summon Mana Viper              Hexes/Summoning              5
   d - Simulacrum                     Ice/Necromancy               6
   e - Dragon's Call                  Summoning                    9
 H - a book of Changes

   Spells                             Type                      Level
   a - Beastly Appendage              Transmutation                1
   b - Sticks to Snakes               Transmutation                2
   c - Spider Form                    Transmutation/Poison         3
   d - Ice Form                       Ice/Transmutation            4
   e - Blade Hands                    Transmutation                5
 M - a Fen Folio

   Spells                             Type                      Level
   a - Corpse Rot                     Necromancy                   2
   b - Stone Arrow                    Conjuration/Earth            3
   c - Leda's Liquefaction            Hexes/Earth                  4
   d - Summon Forest                  Summoning/Translocation      5
   e - Hydra Form                     Transmutation                6
   f - Summon Hydra                   Summoning                    7
Comestibles
 b - 3 bread rations
 c - 8 meat rations
 r - a fruit
 D - a royal jelly


   Skills:
 + Level 11.3 Fighting
 - Level 2.6 Dodging
 - Level 1.7 Stealth
 + Level 15.0 Unarmed Combat
 + Level 12.8 Invocations


You had 5 spell levels left.
You knew the following spells:

 Your Spells              Type           Power        Failure   Level  Hunger
a - Beastly Appendage     Trmt           #.....       94%         1    ##.....
b - Blade Hands           Trmt           #.........   100%        5    ######.


Dungeon Overview and Level Annotations

Branches:
Dungeon (10/15)            Temple (0/1) D:7            Lair (3/8) D:8
  Swamp: Lair:3-6    Shoals: Lair:3-6     Snake: Lair:3-6    Spider: Lair:3-6
    Orc: D:9-12

Altars:
Ashenzari
Cheibriados
Dithmenos
Elyvilon
Fedhas
Makhleb
Nemelex Xobeh
Pakellas
Qazlal
Ru
Vehumet
Xom
Zin

Shops:
D:10 (


Innate Abilities, Weirdness & Mutations

You have sharp fingernails.
You have claws for feet.
Your flesh is cold resistant.
You sometimes gain power by taking damage.
You are immune to freezing clouds.


Message History

The komodo dragon is heavily wounded.
The komodo dragon is flash-frozen.
You block the blink frog's attack.
Unknown command.
Unknown command.
Aiming: Upheaval
Press: ? - help, Dir - move target cursor, f - komodo dragon
Aim: a komodo dragon (heavily wounded, slow, encased in ice)
A blizzard blasts the area with ice!
The blast of ice hits the komodo dragon.
You kill the komodo dragon!
Qazlal accepts your kill. x2
You feel a bit more experienced.
The blink frog hits you but does no damage.
The blink frog closely misses you.
Unknown command.
Unknown command.
You closely miss the blink frog. You claw the blink frog.
The blink frog is moderately wounded.
The blink frog hits you!
You die...

.# .... #.. #....
#./. ##....
##..######.#.#
#P...........#
#.....§.....##
#....F.......###
#.....@§†...P..###
#...§#.##†#.......
#... #####§.#.#. #..
#..# #. .# ##..#
##.. #. .!.###§PF#
#... . .........###
###...
..........P####.....
...................>


You could see a blink frog.

Vanquished Creatures
  A minotaur (Lab)
  4 hydras
  Erica (D:9)
  The ghost of smazza the Geomancer, a journeyman GrEE of the Shining One (Lair:1)
  A death knight (D:10)
  The ghost of smazza the Cruncher, a novice MiGl of Okawaru (D:10)
  Psyche (D:9)
  Pikel (D:9)
  A phantasmal warrior (D:10)
  A black mamba (Lair:1)
  5 spiny frogs
  5 komodo dragons
  Grinder (D:5)
  6 blink frogs
  27 yaks
  Sigmund (D:3)
  2 redbacks (Lab)
  Grum (D:9)
  A wraith (D:8)
  A basilisk (Lair:1)
  2 hungry ghosts
  3 hippogriffs
  8 water moccasins
  2 orc warriors
  6 porcupines
  A black bear (D:7)
  A wasp (D:9)
  A necrophage (D:8)
  A phantom (D:9)
  4 ice beasts
  5 ogres
  A centaur (D:4)
  6 wolves
  2 crocodiles
  12 giant frogs
  A wyvern zombie (D:7)
  A jelly (D:7)
  8 killer bees
  8 wights
  3 howler monkeys
  4 crimson imps
  A quasit (D:5)
  3 orc priests
  Crazy Yiuf (D:5)
  2 centaur skeletons
  4 orc wizards
  7 hounds
  A giant frog skeleton (D:9)
  4 iguanas
  Ijyb (D:3)
  4 worker ants
  A hound zombie (D:9)
  2 worker ant zombies (D:5)
  Robin (D:4)
  4 gnolls (D:3)
  16 river rats (Lair:1)
  13 adders
  2 shadow imps
  4 oozes
  An adder skeleton (D:8)
  7 worms
  A dart slug (D:1)
  6 giant geckos
  15 orcs
  A ball python (D:6)
  3 bats
  8 giant cockroaches
  19 goblins
  7 hobgoblins
  13 jackals
  4 quokkas
  4 giant newts
  2 jackal skeletons (D:7)
  6 kobolds
  2 quokka skeletons
  5 rats
  9 fungi
  4 plants
331 creatures vanquished.

Vanquished Creatures (others)
  2 slaves (D:9)
  An orc (D:6)
  2 plants
5 creatures vanquished.

Grand Total: 336 creatures vanquished

Notes
Turn   | Place    | Note
--------------------------------------------------------------
     0 | D:1      | Eucla the Demonspawn Monk began the quest for the Orb.
     0 | D:1      | Reached XP level 1. HP: 18/18 MP: 1/1
   354 | D:1      | Gained mutation: You have sharp fingernails. [demonic ancestry]
   354 | D:1      | Reached XP level 2. HP: 12/24 MP: 2/2
   592 | D:1      | Reached skill level 4 in Unarmed Combat
  1065 | D:2      | Reached XP level 3. HP: 26/29 MP: 3/3
  1176 | D:2      | Found a snail-covered altar of Cheibriados.
  1493 | D:2      | Found an oddly glowing altar of Pakellas.
  1567 | D:2      | Reached XP level 4. HP: 26/37 MP: 4/4
  1934 | D:3      | Reached skill level 5 in Unarmed Combat
  2052 | D:3      | Gained mutation: You have sharp toenails. [demonic ancestry]
  2052 | D:3      | Reached XP level 5. HP: 41/42 MP: 5/5
  2144 | D:3      | Noticed Sigmund
  2181 | D:3      | Killed Sigmund
  2181 | D:3      | Gained mutation: You have razor-sharp toenails. [demonic ancestry]
  2181 | D:3      | Reached XP level 6. HP: 49/49 MP: 6/6
  2407 | D:3      | Reached skill level 6 in Unarmed Combat
  2539 | D:3      | Noticed Ijyb
  2549 | D:3      | Killed Ijyb
  2596 | D:4      | Found a stormy altar of Qazlal.
  2602 | D:4      | Became a worshipper of Qazlal Stormbringer
  2602 | D:4      | Reached * piety under Qazlal
  2602 | D:4      | Reached ** piety under Qazlal
  2737 | D:4      | Found a sacrificial altar of Ru.
  2744 | D:4      | Reached skill level 5 in Fighting
  2744 | D:4      | Reached skill level 1 in Invocations
  2925 | D:4      | Reached XP level 7. HP: 48/56 MP: 8/8
  3062 | D:4      | Noticed Robin
  3089 | D:4      | Killed Robin
  3579 | D:5      | Entered Level 5 of the Dungeon
  3694 | D:5      | Found a shadowy altar of Dithmenos.
  3711 | D:5      | Reached skill level 7 in Unarmed Combat
  3755 | D:5      | Noticed Crazy Yiuf
  3763 | D:5      | Killed Crazy Yiuf
  4060 | D:5      | Found a sparkling altar of Nemelex Xobeh.
  4158 | D:5      | Noticed Grinder
  4172 | D:5      | Killed Grinder
  4179 | D:5      | Reached *** piety under Qazlal
  4179 | D:5      | Gained mutation: You have claws for feet. [demonic ancestry]
  4179 | D:5      | Reached XP level 8. HP: 62/64 MP: 9/11
  4327 | D:5      | Found a stormy altar of Qazlal.
  4327 | D:5      | Found a glowing silver altar of Zin.
  4441 | D:6      | Reached skill level 8 in Unarmed Combat
  4679 | D:6      | Reached skill level 5 in Invocations
  4713 | D:6      | Found a radiant altar of Vehumet.
  4740 | D:6      | Reached skill level 13 in Unarmed Combat
  4740 | D:6      | Gained mutation: Your flesh is cold resistant. [demonic ancestry]
  4740 | D:6      | Reached XP level 9. HP: 42/71 MP: 11/13
  5058 | D:7      | Found a staircase to the Ecumenical Temple.
  5068 | D:7      | Found a white marble altar of Elyvilon.
  5209 | D:7      | Found a blossoming altar of Fedhas.
  5323 | D:7      | Found a shimmering altar of Xom.
  5451 | D:7      | Gained mutation: You sometimes gain a little power by taking damage. [demonic ancestry]
  5451 | D:7      | Reached XP level 10. HP: 70/79 MP: 14/14
  5486 | D:7      | Found a shattered altar of Ashenzari.
  5533 | D:8      | Learned a level 1 spell: Beastly Appendage
  5587 | D:8      | Reached **** piety under Qazlal
  6023 | D:8      | Found a staircase to the Lair.
  7212 | D:9      | Noticed Pikel
  7226 | D:9      | Killed Pikel
  7297 | D:9      | Noticed Erica
  7333 | D:9      | Killed Erica
  7333 | D:9      | Gained mutation: You sometimes gain power by taking damage. [demonic ancestry]
  7333 | D:9      | Reached XP level 11. HP: 33/87 MP: 17/17
  7654 | D:9      | Found a burning altar of Makhleb.
  7667 | D:9      | Found an oddly glowing altar of Pakellas.
  7672 | D:9      | Noticed Grum
  7685 | D:9      | Killed Grum
  7888 | D:9      | Noticed Psyche
  7897 | D:9      | Killed Psyche
  7924 | D:10     | Entered Level 10 of the Dungeon
  7935 | D:10     | Found Wualuach's Antique Weapon Shop.
  8089 | D:10     | Noticed smazza's ghost (novice MiGl)
  8105 | D:10     | Killed smazza's ghost
  8245 | D:10     | Noticed a death knight
  8250 | D:10     | Noticed a phantasmal warrior
  8262 | D:10     | Killed a phantasmal warrior
  8262 | D:10     | Reached skill level 14 in Unarmed Combat
  8267 | D:10     | Noticed a skeletal warrior
  8271 | D:10     | Killed a death knight
  8271 | D:10     | Reached ***** piety under Qazlal
  8380 | D:9      | Reached skill level 10 in Invocations
  8596 | Lair:1   | Entered Level 1 of the Lair of Beasts
  8608 | Lair:1   | Noticed smazza's ghost (journeyman GrEE)
  8664 | Lair:1   | Killed smazza's ghost
  8697 | Lair:1   | HP: 1/90 [blink frog (5)]
  9097 | Lair:1   | Reached skill level 10 in Fighting
  9161 | Lair:1   | Gained mutation: You are immune to freezing clouds. [demonic ancestry]
  9161 | Lair:1   | Reached XP level 12. HP: 26/97 MP: 20/20
  9432 | Lair:1   | Noticed a four-headed hydra
  9481 | Lair:1   | Killed a four-headed hydra
  9821 | Lair:1   | Noticed a four-headed hydra
  9835 | Lair:1   | Killed a four-headed hydra
 10250 | Lair:2   | Found a labyrinth entrance.
 10303 | Lab      | Entered a labyrinth
 10522 | Lab      | Noticed a minotaur
 10534 | Lab      | Killed a minotaur
 10540 | Lab      | Identified Sif Muna's Tome of the Voyage (You found it in a labyrinth)
 10548 | Lab      | Identified the Papyrus of Frigorific Summoning
 10551 | Lab      | Identified the Papyrus of Enchantment
 10740 | Lab      | Learned a level 5 spell: Blade Hands
 10803 | Lair:2   | Noticed a six-headed hydra
 10814 | Lair:2   | Killed a six-headed hydra
 11390 | Lair:3   | Noticed a five-headed hydra
 11393 | Lair:3   | Reached skill level 15 in Unarmed Combat
 11416 | Lair:3   | Killed a five-headed hydra
 11418 | Lair:3   | Slain by a blink frog

Skill      XL: |  1  2  3  4  5  6  7  8  9 10 11 12 |
---------------+-------------------------------------+-----
Unarmed Combat | 4 5 6 7 13 14 15 | 15.0
Fighting       | 4 5 6 7 8 10 11 | 11.3
Invocations    | 1 4 5 6 8 10 12 | 12.8
Dodging        | |  2.6
Stealth        | |  1.7

Action                   |  1- 3 |  4- 6 |  7- 9 | 10-12 || total
-------------------------+-------+-------+-------+-------++-------
Melee: Unarmed           |   133 |   103 |   295 |   597 ||  1128
       Punch             |     3 |     3 |     4 |    42 ||    52
       Kick              |       |    26 |    61 |   175 ||   262
Invok: Upheaval          |       |       |       |    13 ||    13
 Abil: Evoke Berserk Rag |       |     2 |     2 |     4 ||     8
Evoke: Wand              |       |       |       |     2 ||     2
  Use: Scroll            |       |       |    18 |     9 ||    27
       Potion            |       |       |     1 |    19 ||    20
 Stab: Sleeping          |     3 |       |       |       ||     3
  Eat: Chunk             |     2 |     1 |     8 |     5 ||    16
       Bread ration      |       |     1 |       |     4 ||     5
       Beef jerky        |       |       |     2 |     2 ||     4
       Royal jelly       |       |       |       |     1 ||     1
       Pizza             |       |       |       |     1 ||     1
Armor: Robe              |     8 |       |       |       ||     8
       Scale mail        |    21 |    54 |   120 |   222 ||   417
       Ring mail         |     9 |       |       |       ||     9
       Skin              |       |       |       |    16 ||    16
Dodge: Dodged            |    73 |    49 |   110 |   273 ||   505
       Deflected         |       |       |       |     3 ||     3
Block: Other             |       |       |    31 |   113 ||   144
